[Event "Romanian Open 2019"]
[Site "Alba Iulia"]
[Date "2019.10.30"]
[Round "4.11"]
[White "Talu, Mircea"]
[Black "Dixit, Nikhil"]
[Result "1/2-1/2"]
[ECO "E69"]
[WhiteElo "2288"]
[BlackElo "2358"]
[Annotator "NA"]
[PlyCount "122"]
[EventDate "2019.10.28"]
[EventType "swiss"]
[EventCountry "ROU"]
[SourceTitle "playchess.com"]
[Source "ChessBase"]
[SourceQuality "1"]
[TimeControl "5400+30"]

1. d4 Nf6 2. c4 g6 3. g3 Bg7 4. Bg2 O-O 5. Nc3 d6 6. Nf3 Nbd7 7. O-O e5 8. e4 c6 9. h3 exd4 10. Nxd4 Qa5 11. Bf4 Ne5 12. Nb3 Qc7 13. c5 dxc5 14. Bxe5 Qxe5 15. f4 Qe7 16. e5 Nd7 17. Re1 c4 18. Nd2 Nb6 19. Qe2 Be6 20. Nce4 Bd5 21. Kh2 Rad8 22. Nd6 Rxd6 23. exd6 Qxd6 24. Rab1 Qc5 25. Ne4 Qa5 26. Qd2 Qxd2 27. Nxd2 Na4 28. Nxc4 Bxc4 29. b3 Bd3 30. bxa4 Bxb1 31. Rxb1 b6 32. Bxc6 Rd8 33. Rg1 h5 34. h4 Rd3 35. Rg2 Bc3 36. Re2 Rd6 37. Bf3 Kg7 38. Re7 a5 39. Kh3 Kf8 40. Re2 Bb4 41. Be4 Rd4 42. f5 gxf5 43. Bxf5 Bd6 44. Bc2 Rc4 45. Rd2 Be5 46. Bd1 Rc3 47. Rg2 f5 48. Bxh5 f4 49. Be2 Kg7 50. Kg4 fxg3 51. Bb5 Kf6 52. Re2 Rc8 53. Kh3 Rc1 54. Kg4 Rf1 55. Bc6 Rd1 56. Kh3 Rd4 57. Rc2 Kf5 58. Bb5 Rd1 59. Bc6 Kf4 60. Rc4+ Rd4 61. Rxd4+ Bxd4 1/2-1/2

[Event "Romanian Open 2019"]
[Site "Alba Iulia"]
[Date "2019.10.30"]
[Round "4.12"]
[White "Sahil, Tickoo"]
[Black "Manush Shah"]
[Result "0-1"]
[ECO "D45"]
[WhiteElo "2167"]
[BlackElo "2352"]
[Annotator "NA"]
[PlyCount "104"]
[EventDate "2019.10.28"]
[EventType "swiss"]
[EventCountry "ROU"]
[SourceTitle "playchess.com"]
[Source "ChessBase"]
[SourceQuality "1"]
[TimeControl "5400+30"]

1. d4 d5 2. c4 e6 3. Nc3 Nf6 4. Nf3 c6 5. e3 Nbd7 6. Qc2 b6 7. b3 Bb7 8. Bd3 Rc8 9. Bb2 Bd6 10. Qe2 Qe7 11. O-O O-O 12. Rfe1 dxc4 13. Bxc4 b5 14. Bd3 e5 15. e4 Rfe8 16. Rad1 exd4 17. Nxd4 g6 18. Nf3 Ne5 19. Nxe5 Bxe5 20. g3 a6 21. a4 Rcd8 22. Nb1 Ng4 23. Ba3 Qe6 24. Bc2 Bd4 25. Rxd4 Rxd4 26. Bb2 Rd7 27. f3 Ne5 28. f4 Ng4 29. h3 Nh6 30. g4 f6 31. Qe3 Nf7 32. Qc3 g5 33. Qxf6 Qxf6 34. Bxf6 gxf4 35. e5 Rd6 36. Kf1 Rde6 37. Bf5 Rxe5 38. Bxe5 Rxe5 39. Rxe5 Nxe5 40. Be4 Bc8 41. axb5 axb5 42. b4 h5 43. gxh5 Bxh3+ 44. Kf2 Kg7 45. Nc3 Bg4 46. Bxc6 Nxc6 47. Nxb5 Nxb4 48. Nd4 Nd3+ 49. Kg2 Kh6 50. Nb5 f3+ 51. Kh2 f2 52. Kg2 Bh3+ 0-1

[Event "Romanian Open 2019"]
[Site "Alba Iulia"]
[Date "2019.10.31"]
[Round "6.1"]
[White "Fedorov, Alexei"]
[Black "Manolache, Marius"]
[Result "1-0"]
[ECO "B00"]
[WhiteElo "2551"]
[BlackElo "2548"]
[Annotator "RC"]
[PlyCount "89"]
[EventDate "2019.10.28"]
[EventType "swiss"]
[EventCountry "ROU"]
[SourceTitle "playchess.com"]
[Source "ChessBase"]
[SourceQuality "1"]
[TimeControl "5400+30"]

1. e4 d6 2. g3 Nf6 3. Bg2 e5 4. Ne2 h5 5. h3 Be7 6. d4 c6 7. c4 Be6 8. b3 c5 9. d5 Bc8 10. Nbc3 a6 11. Be3 Nbd7 12. Qd2 h4 13. g4 Nh7 14. O-O Bg5 15. f4 exf4 16. Nxf4 Ne5 17. Na4 O-O 18. Nb2 b5 19. Nfd3 Qe7 20. Nxe5 Qxe5 21. Nd3 Bxe3+ 22. Qxe3 Qe7 23. e5 bxc4 24. bxc4 a5 25. Qf4 dxe5 26. Nxe5 Ra6 27. Nc6 Qg5 28. Rab1 Qxf4 29. Rxf4 Re8 30. Rb5 Bd7 31. Rxc5 g5 32. Re4 Rxe4 33. Bxe4 Nf6 34. Bf3 a4 35. Nb4 Rb6 36. a3 Kf8 37. Rc7 Rb8 38. c5 Rc8 39. Rxc8+ Bxc8 40. d6 Be6 41. c6 Ke8 42. Na6 Kd8 43. Nc5 Kc8 44. Nxa4 Ne8 45. d7+ 1-0

[Event "Romanian Open 2019"]
[Site "Alba Iulia"]
[Date "2019.10.31"]
[Round "6.6"]
[White "Filip, Lucian-Ioan"]
[Black "Ashwath, R.."]
[Result "1/2-1/2"]
[ECO "E04"]
[WhiteElo "2418"]
[BlackElo "2340"]
[Annotator "NA"]
[PlyCount "25"]
[EventDate "2019.10.28"]
[EventType "swiss"]
[EventCountry "ROU"]
[SourceTitle "playchess.com"]
[Source "ChessBase"]
[SourceQuality "1"]
[TimeControl "5400+30"]

1. d4 Nf6 2. c4 e6 3. Nf3 d5 4. g3 dxc4 5. Bg2 c5 6. O-O Nc6 7. dxc5 Qxd1 8. Rxd1 Bxc5 9. Nbd2 c3 10. bxc3 O-O 11. Nb3 Be7 12. c4 Bd7 13. Bb2 1/2-1/2

[Event "Romanian Open 2019"]
[Site "Alba Iulia"]
[Date "2019.10.31"]
[Round "6.8"]
[White "Banzea, Alexandru-Bogdan"]
[Black "Gomes, Mary Ann"]
[Result "0-1"]
[ECO "B42"]
[WhiteElo "2389"]
[BlackElo "2268"]
[Annotator "NA RC"]
[PlyCount "86"]
[EventDate "2019.10.28"]
[EventType "swiss"]
[EventCountry "ROU"]
[SourceTitle "playchess.com"]
[Source "ChessBase"]
[SourceQuality "1"]
[TimeControl "5400+30"]

1. e4 c5 2. Nf3 e6 3. d4 cxd4 4. Nxd4 a6 5. Bd3 Qc7 6. O-O Nf6 7. Be3 d6 8. Nd2 Nbd7 9. f4 Be7 10. Kh1 Nc5 11. b4 Na4 12. Qf3 Nc3 13. a4 e5 14. Nf5 Bxf5 15. exf5 Nfd5 16. Ne4 Nxe3 17. Qxe3 Nd5 18. Qg3 Bf6 19. Rae1 O-O-O 20. fxe5 Bxe5 21. Qf2 Nxb4 22. Rb1 Nc6 23. c3 Na5 24. f6 g6 25. Qe2 Rhe8 26. Qg4+ Qd7 27. Qh4 h6 28. h3 h5 29. Nd2 d5 30. Nb3 Nxb3 31. Rxb3 Bb8 32. Rfb1 Qd6 33. g3 Rd7 34. Qf4 Qxf4 35. gxf4 Re6 36. f5 Rxf6 37. Rg1 Re7 38. fxg6 Re3 39. Rf1 Rxh3+ 40. Kg2 Rg3+ 41. Kh1 Rxf1+ 42. Bxf1 fxg6 43. Bg2 Rd3 0-1

[Event "Romanian Open 2019"]
[Site "Alba Iulia"]
[Date "2019.10.31"]
[Round "6.9"]
[White "Nastore, Pavel-Alexandru"]
[Black "Nester, Ihor"]
[Result "1/2-1/2"]
[ECO "C70"]
[WhiteElo "2030"]
[BlackElo "2381"]
[Annotator "RC"]
[PlyCount "109"]
[EventDate "2019.10.28"]
[EventType "swiss"]
[EventCountry "ROU"]
[SourceTitle "playchess.com"]
[Source "ChessBase"]
[SourceQuality "1"]
[TimeControl "5400+30"]

1. e4 e5 2. Nf3 Nc6 3. Bb5 a6 4. Ba4 Nge7 5. O-O g6 6. c3 Bg7 7. d4 exd4 8. cxd4 b5 9. Bb3 d6 10. h3 O-O 11. Bg5 h6 12. Be3 Na5 13. Bc2 Nc4 14. Bc1 c5 15. Nc3 cxd4 16. Nxd4 Bb7 17. b3 Nb6 18. f4 Nc6 19. Be3 Rc8 20. Nce2 Re8 21. Re1 Nb4 22. Bb1 Bxe4 23. Qd2 N4d5 24. Bf2 Qd7 25. f5 g5 26. h4 Qd8 27. Ng3 Bxb1 28. Raxb1 Nf4 29. Rxe8+ Qxe8 30. hxg5 hxg5 31. Re1 Qd8 32. Ne4 d5 33. Ng3 Qc7 34. f6 Bxf6 35. Ngf5 Nd7 36. Ne7+ Bxe7 37. Rxe7 Qc1+ 38. Qxc1 Rxc1+ 39. Kh2 Nf6 40. Be1 Ra1 41. Bc3 Rxa2 42. Nf5 Rxg2+ 43. Kh1 Re2 44. Bxf6 Rxe7 45. Nxe7+ Kf8 46. Bxg5 Ne6 47. Bh4 d4 48. Nd5 a5 49. Be1 a4 50. bxa4 bxa4 51. Nb6 a3 52. Bb4+ Kg7 53. Bxa3 Kf6 54. Kg2 Ke5 55. Kf3 1/2-1/2

[Event "Romanian Open 2019"]
[Site "Alba Iulia"]
[Date "2019.10.31"]
[Round "6.11"]
[White "Talu, Mircea"]
[Black "Manush Shah"]
[Result "1/2-1/2"]
[ECO "D52"]
[WhiteElo "2288"]
[BlackElo "2352"]
[Annotator "NA"]
[PlyCount "54"]
[EventDate "2019.10.28"]
[EventType "swiss"]
[EventCountry "ROU"]
[SourceTitle "playchess.com"]
[Source "ChessBase"]
[SourceQuality "1"]
[TimeControl "5400+30"]

1. d4 d5 2. c4 c6 3. Nf3 Nf6 4. Nc3 e6 5. Bg5 Nbd7 6. e3 Qa5 7. Nd2 Bb4 8. Qc2 dxc4 9. Bxf6 Nxf6 10. Nxc4 Qd5 11. a3 Bxc3+ 12. Qxc3 O-O 13. f3 c5 14. Rd1 b6 15. e4 Qg5 16. Qe3 Qxe3+ 17. Nxe3 cxd4 18. Rxd4 Bb7 19. Bb5 Rac8 20. Ke2 Rc5 21. Bc4 Rfc8 22. Rhd1 Kf8 23. b4 Rxc4 24. Rxc4 Ba6 25. Rdc1 Nd7 26. Kf2 Bxc4 27. Rxc4 Rxc4 1/2-1/2

[Event "Romanian Open 2019"]
[Site "Alba Iulia"]
[Date "2019.10.31"]
[Round "6.12"]
[White "Stoleriu, George"]
[Black "Mehmed, Elif"]
[Result "1/2-1/2"]
[ECO "B51"]
[WhiteElo "2351"]
[BlackElo "2122"]
[Annotator "NA"]
[PlyCount "62"]
[EventDate "2019.10.28"]
[EventType "swiss"]
[EventCountry "ROU"]
[SourceTitle "playchess.com"]
[Source "ChessBase"]
[SourceQuality "1"]
[TimeControl "5400+30"]

1. e4 c5 2. Nf3 d6 3. Bb5+ Nd7 4. d4 cxd4 5. Qxd4 a6 6. Bxd7+ Bxd7 7. c4 Nf6 8. Nc3 g6 9. b3 Bg7 10. Bb2 O-O 11. O-O b5 12. cxb5 axb5 13. Nd5 Nh5 14. Qd2 Bxb2 15. Qxb2 Bc6 16. Nd4 Bxd5 17. exd5 Qd7 18. Qe2 Nf6 19. Qxb5 Qxb5 20. Nxb5 Nxd5 21. Rad1 Nb4 22. a4 Rfc8 23. Rfe1 Kf8 24. g3 d5 25. h4 e6 26. Re2 Rc5 27. Kg2 Re8 28. Rd4 Nc6 29. Rdd2 Nb4 30. Rd4 Nc6 31. Rdd2 Nb4 1/2-1/2

[Event "Romanian Open 2019"]
[Site "Alba Iulia"]
[Date "2019.11.01"]
[Round "7.1"]
[White "Omelja, Artem"]
[Black "Harutjunyan, Gevorg"]
[Result "1/2-1/2"]
[ECO "E92"]
[WhiteElo "2424"]
[BlackElo "2428"]
[Annotator "NA"]
[PlyCount "40"]
[EventDate "2019.10.28"]
[EventType "swiss"]
[EventCountry "ROU"]
[SourceTitle "playchess.com"]
[Source "ChessBase"]
[SourceQuality "1"]
[TimeControl "5400+30"]

1. Nf3 Nf6 2. c4 g6 3. Nc3 Bg7 4. e4 d6 5. d4 O-O 6. Be2 e5 7. d5 a5 8. Bg5 h6 9. Bh4 Na6 10. Nd2 Qe8 11. b3 Nc5 12. Qc2 Bd7 13. f3 Nh5 14. Bf2 Qe7 15. g3 f5 16. O-O-O Nf6 17. Be3 Na6 18. a3 c6 19. Kb1 Rfc8 20. Qb2 Qe8 1/2-1/2

[Event "Romanian Open 2019"]
[Site "Alba Iulia"]
[Date "2019.11.01"]
[Round "7.3"]
[White "Manolache, Marius"]
[Black "David, Alexandru-Vasile"]
[Result "1/2-1/2"]
[ECO "D38"]
[WhiteElo "2548"]
[BlackElo "2424"]
[Annotator "ChessBase"]
[PlyCount "26"]
[EventDate "2019.10.28"]
[EventType "swiss"]
[EventCountry "ROU"]
[SourceTitle "playchess.com"]
[Source "ChessBase"]
[SourceQuality "1"]
[TimeControl "5400+30"]

1. d4 Nf6 2. c4 e6 3. Nf3 d5 4. Nc3 Bb4 5. Bg5 h6 6. Bxf6 Qxf6 7. Qa4+ Nc6 8. e3 O-O 9. Qb3 dxc4 10. Bxc4 Bd6 11. Qc2 e5 12. Nd5 Qd8 13. dxe5 Nxe5 1/2-1/2

[Event "Romanian Open 2019"]
[Site "Alba Iulia"]
[Date "2019.11.01"]
[Round "7.6"]
[White "Istratescu, Andrei"]
[Black "Nastore, Pavel-Alexandru"]
[Result "1-0"]
[ECO "A67"]
[WhiteElo "2564"]
[BlackElo "2030"]
[Annotator "ChessBase"]
[PlyCount "75"]
[EventDate "2019.10.28"]
[EventType "swiss"]
[EventCountry "ROU"]
[SourceTitle "playchess.com"]
[Source "ChessBase"]
[SourceQuality "1"]
[TimeControl "5400+30"]

1. d4 Nf6 2. c4 c5 3. d5 e6 4. Nc3 exd5 5. cxd5 d6 6. e4 g6 7. f4 Bg7 8. Bb5+ Nfd7 9. a4 O-O 10. Nf3 Na6 11. O-O Nb4 12. Kh1 a6 13. Bxd7 Bxd7 14. f5 Qe7 15. Bg5 f6 16. Bf4 g5 17. Bg3 b5 18. b3 Rfc8 19. Qd2 h6 20. h4 Be8 21. hxg5 hxg5 22. Rfd1 Bd7 23. Rdc1 Bh6 24. Nh2 Bg7 25. Ng4 c4 26. bxc4 bxc4 27. Nf2 Rab8 28. Ncd1 Nd3 29. Nxd3 cxd3 30. Rxc8+ Rxc8 31. Qxd3 Bf8 32. Nf2 Qh7+ 33. Kg1 Bxa4 34. Qxa6 Rc3 35. Bxd6 Bb5 36. Qxb5 Bxd6 37. Ra8+ Bf8 38. Rxf8+ 1-0

[Event "Romanian Open 2019"]
[Site "Alba Iulia"]
[Date "2019.11.01"]
[Round "7.8"]
[White "Moksh Amit Doshi"]
[Black "Filip, Lucian-Ioan"]
[Result "1/2-1/2"]
[ECO "E00"]
[WhiteElo "2328"]
[BlackElo "2418"]
[Annotator "NA"]
[PlyCount "134"]
[EventDate "2019.10.28"]
[EventType "swiss"]
[EventCountry "ROU"]
[SourceTitle "playchess.com"]
[Source "ChessBase"]
[SourceQuality "1"]
[TimeControl "5400+30"]

1. d4 e6 2. c4 Bb4+ 3. Nc3 c5 4. Nf3 cxd4 5. Qxd4 Nf6 6. Bg5 Nc6 7. Qd3 h6 8. Bh4 Qa5 9. Bxf6 gxf6 10. g3 Bxc3+ 11. bxc3 Ne5 12. Nxe5 Qxe5 13. Bg2 Rb8 14. O-O b6 15. Rab1 Ba6 16. Rfd1 O-O 17. Qxd7 Bxc4 18. Qxa7 Qxe2 19. a4 Rfd8 20. Re1 Qd2 21. h4 Qd6 22. a5 bxa5 23. Qxa5 Qd2 24. Qh5 Be2 25. Qc5 Rdc8 26. Qe7 Rxb1 27. Rxb1 Qxc3 28. Rb7 Rf8 29. Kh2 Bf3 30. Rc7 Qd3 31. Qxf6 Bxg2 32. Kxg2 Qe4+ 33. Kh2 Qf5 34. Qd4 e5 35. Qe3 Rd8 36. Re7 Rd3 37. Rxe5 Rxe3 38. Rxf5 Ra3 39. Rf6 Kg7 40. Rb6 Ra5 41. Kh3 h5 42. Kg2 f6 43. Re6 Kf7 44. Re4 Kg6 45. Kf3 Kf5 46. Rf4+ Kg6 47. Rb4 Kf5 48. Rb3 Rc5 49. Ke3 Re5+ 50. Kd3 Rd5+ 51. Kc4 Rd2 52. Rf3+ Kg6 53. Rf4 Ra2 54. Kd4 Ra4+ 55. Ke3 Ra3+ 56. Ke4 Ra4+ 57. Kf3 Ra3+ 58. Kg2 Rb3 59. f3 Rb2+ 60. Kh3 f5 61. Ra4 Rf2 62. Ra3 Kf6 63. Rb3 Kg6 64. Rb6+ Kg7 65. Rb7+ Kg6 66. Rb6+ Kg7 67. Rb5 Kg6 1/2-1/2

[Event "Romanian Open 2019"]
[Site "Alba Iulia"]
[Date "2019.11.01"]
[Round "7.10"]
[White "Secheres, Adrian-Simion"]
[Black "Talu, Mircea"]
[Result "1/2-1/2"]
[ECO "E32"]
[WhiteElo "2397"]
[BlackElo "2288"]
[Annotator "NA RC"]
[PlyCount "95"]
[EventDate "2019.10.28"]
[EventType "swiss"]
[EventCountry "ROU"]
[SourceTitle "playchess.com"]
[Source "ChessBase"]
[SourceQuality "1"]
[TimeControl "5400+30"]

1. d4 Nf6 2. c4 e6 3. Nc3 Bb4 4. Qc2 d6 5. Bg5 Nbd7 6. e3 b6 7. Bd3 h6 8. Bh4 Bb7 9. f3 c5 10. a3 Bxc3+ 11. bxc3 O-O 12. Ne2 Re8 13. O-O e5 14. Bf5 g5 15. Bf2 Qe7 16. d5 Nh5 17. g4 Ng7 18. Ng3 Nf8 19. a4 Bc8 20. Bd3 Qf6 21. Kg2 Ng6 22. Bxg6 Qxg6 23. Qxg6 fxg6 24. Ne4 Rd8 25. a5 Ba6 26. axb6 Bxc4 27. Rfd1 Ne8 28. bxa7 Rd7 29. h4 gxh4 30. Bxh4 Rdxa7 31. Rxa7 Rxa7 32. Rb1 Bxd5 33. Rb8 Bxe4 34. Rxe8+ Kf7 35. Rd8 Ra2+ 36. Bf2 Ke7 37. Rh8 Bb1 38. Rxh6 Rc2 39. e4 Rxc3 40. Bh4+ Ke8 41. Rxg6 Rd3 42. Rg8+ Kf7 43. Rc8 Bc2 44. Rc7+ Kg6 45. Be7 Bd1 46. Rc6 Bxf3+ 47. Kf2 Bxe4 48. Rxd6+ 1/2-1/2